 Dungeon Crawl Stone Soup version 0.21.1-1-g345015f (webtiles) character file.

15 Goblin1989 the Insei (level 2, -2/21 HPs)
             Began as a Demonspawn Transmuter on Mar 28, 2018.
             Slain by a hobgoblin (3 damage)
             ... on level 1 of the Dungeon.
             The game lasted 00:01:09 (286 turns).

Goblin1989 the Insei (Demonspawn Transmuter)         Turns: 286, Time: 00:01:10

Health: -2/21      AC:  2    Str: 10    XL:     2   Next: 34%
Magic:  0/5        EV: 12    Int: 14    God:
Gold:   26         SH:  0    Dex: 13    Spells: 4/5 levels left

rFire    . . .     SeeInvis .     - Unarmed
rCold    . . .     Gourm    .   (no shield)
rNeg     . . .     Faith    .   b - +0 robe
rPois    .         Spirit   +   (no helmet)
rElec    .         Reflect  .   (no cloak)
rCorr    .         Harm     .   (no gloves)
MR       .....                  (boots currently unavailable)
Stlth    +.........             (no amulet)
HPRegen  0.07/turn              (no ring)
MPRegen  0.09/turn              (no ring)

@: appendage (expiring)
A: talons 3, magic shield
a: End Transformation


You were on level 1 of the Dungeon.
You were not hungry.
You had grown temporary talons.
You visited 1 branch of the dungeon, and saw 1 of its levels.

You collected 26 gold pieces.

Inventory:

Missiles
 a - 12 arrows
 f - 4 stones (quivered) {@Q3}
Armour
 b - a +0 robe (worn)
Scrolls
 h - a scroll of fear {unknown}
Potions
 i - a potion of curing {unknown}
Books
 c - a book of Changes

   Spells                             Type                      Level
   a - Beastly Appendage              Transmutation                1
   b - Sticks to Snakes               Transmutation                2
   c - Spider Form                    Transmutation/Poison         3
   d - Ice Form                       Ice/Transmutation            4
   e - Blade Hands                    Transmutation                5
Comestibles
 e - a ration
 g - a chunk of flesh


   Skills:
 - Level 1.0 Fighting
 - Level 1.7 Dodging
 + Level 3.4 Unarmed Combat
 - Level 2.0 Spellcasting
 - Level 1.7 Transmutations


You had 4 spell levels left.
You knew the following spells:

 Your Spells              Type           Power        Failure   Level  Hunger
a - Beastly Appendage     Tmut           #.....       12%         1    ##.....


Dungeon Overview and Level Annotations

Branches:
Dungeon (1/15)

Altars:


Innate Abilities, Weirdness & Mutations

When hurt, damage is shared between your health and your magic reserves.
You have claws for feet.


Message History

You hit the jackal.
The jackal is severely wounded.
The jackal bites you.
The jackal bites you but does no damage.
You hit the jackal.
You kill the jackal!
The bat barely misses you. The bat closely misses you. The bat hits you.
* * * LOW HITPOINT WARNING * * *
The bat misses you. The jackal barely misses you.
The bat hits you but does no damage. The giant cockroach bites you.
* * * LOW HITPOINT WARNING * * *
The bat hits you but does no damage. The jackal closely misses you.
The bat hits you but does no damage. The giant cockroach misses you.
A jackal comes into view.
You take 3 damage, and have 7/21 hp.
You miss the bat. The bat closely misses you. The bat hits you.
* * * LOW HITPOINT WARNING * * *
The jackal misses you. The bat hits you but does no damage.
The giant cockroach bites you.
* * * LOW HITPOINT WARNING * * *
You take 2 damage, and have 5/21 hp.
The jackal barks!
You hit the bat.
The bat is moderately wounded.
You hear a bark!
The bat misses you. The bat hits you but does no damage.
The jackal closely misses you. The giant cockroach closely misses you.
The bat barely misses you.
You closely miss the bat.
The bat is moderately wounded.
Your transformation is almost over.
The bat closely misses you. The jackal closely misses you.
The bat closely misses you. The giant cockroach misses you.
The jackal bites you but does no damage.
The bat hits you.
* * * LOW HITPOINT WARNING * * *
A jackal comes into view.
You take 1 damage, and have 4/21 hp.
The bat hits you. The bat closely misses you. The giant cockroach misses you.
You now have 2/5 mp.
The bat barely misses you. The bat closely misses you.
The bat barely misses you.
You see here a rat corpse.
You hit the bat.
You kill the bat!
The bat misses you. The giant cockroach closely misses you.
The giant cockroach bites you.
* * * LOW HITPOINT WARNING * * *
You take 1 damage, and have 3/21 hp.
You now have 1/5 mp.
The bat closely misses you.
You see here a bat corpse.
You closely miss the giant cockroach.
The giant cockroach bites you but does no damage.
Your horns disappear.
You hit the giant cockroach but do no damage.
The giant cockroach waves its antennae.
The giant cockroach bites you but does no damage.
The giant cockroach barely misses you.
Casting: Beastly Appendage
Confirm with . or Enter, or press ? or * to list all spells.
Your feet morph into talons.
The giant cockroach closely misses you.
You now have 1/5 mp.
You hit the giant cockroach.
The giant cockroach is moderately wounded.
The giant cockroach bites you.
* * * LOW HITPOINT WARNING * * *
The giant cockroach bites you but does no damage.
You take 1 damage, and have 3/21 hp.
You barely miss the giant cockroach.
The giant cockroach is moderately wounded.
The giant cockroach bites you but does no damage.
You hit the giant cockroach.
You kill the giant cockroach!
You hit the jackal.
The jackal is moderately wounded.
The jackal bites you.
* * * LOW HITPOINT WARNING * * *
You take 1 damage, and have 2/21 hp.
You now have 0/5 mp.
You closely miss the jackal.
The jackal is lightly wounded.
Your transformation is almost over.
The jackal barely misses you.
Unknown command.
You barely miss the jackal. Your kick misses the jackal.
The jackal is lightly wounded.
The jackal bites you but does no damage.
The jackal bites you.
* * * LOW HITPOINT WARNING * * *
You take 1 damage, and have 1/21 hp.
Unknown command.
You closely miss the jackal.
You kill the jackal!
You closely miss the jackal. The jackal barely misses you.
You hit the jackal.
You kill the jackal!
You hit the hobgoblin.
The hobgoblin is almost dead.
The hobgoblin hits you.
You die...

███....████████████
████............. ..
██.█.█.█..██████ █?h.
█.█.█...>.....█ .█...
█.█.█..█...█..█ .....
█)█.█..█h..h..█..≈...
..█....█.█†█.██......
███.████h█h█.█.h.....
█..@gbh█b..h.≈...≈.
██████.████h.......
..█ ......... ..█
█.≈...≈... █..█
█.....$... █...
.......... █.██
██..≈...≈. .........


You could see 2 jackals, a hobgoblin and a bat.

Vanquished Creatures
  A dart slug (D:1)
  2 giant cockroaches (D:1)
  5 jackals (D:1)
  A bat (D:1)
  2 kobolds (D:1)
  A rat (D:1)
12 creatures vanquished.

Notes
Turn   | Place    | Note
-------+----------+-------------------------------------------
     0 | D:1      | Goblin1989 the Demonspawn Transmuter began the quest for the Orb.
     0 | D:1      | Reached XP level 1. HP: 15/15 MP: 3/3
    40 | D:1      | Reached skill level 3 in Unarmed Combat
    60 | D:1      | Gained mutation: When hurt, damage is shared between your health and your magic reserves. [demonic ancestry]
    60 | D:1      | Reached XP level 2. HP: 11/21 MP: 3/5
   282 | D:1      | HP: 1/21 [jackal (1)]
   286 | D:1      | Slain by a hobgoblin

Skill      XL: |  1 |
---------------+----+-----
Unarmed Combat | 3 |  3.4
Fighting       | |  1.0
Dodging        | |  1.7
Spellcasting   | |  2.0
Transmutations | |  1.7

Action                   || total
-------------------------++-------
Melee: Unarmed           ||    37
       Kick              ||     5
 Cast: Beastly Appendage ||     4
Armor: Robe              ||    19
Dodge: Dodged            ||    50

Vault maps used:
D:1:      dpeg_arrival_subterranean_lakeside_camping, kennysheep_doodads,
          minmay_pentomino_o4
